 Dungeon Crawl Stone Soup version 0.22.1-1-ga44c0e5 (webtiles) character file.

9044 Lauz the Severer (level 11, -2/97 HPs)
             Began as a Minotaur Berserker on Oct 30, 2018.
             Was a High Priest of Trog.
             Succumbed to Sonja's curare-tipped needle
             ... on level 11 of the Dungeon.
             The game lasted 00:26:29 (10350 turns).

Lauz the Severer (Minotaur Berserker)              Turns: 10350, Time: 00:26:30

Health: -2/97      AC: 15    Str: 30 (31) XL:     11   Next: 17%
Magic:  10/10      EV:  9    Int:  1 (4)  God:    Trog [*****.]
Gold:   687        SH:  0    Dex:  7 (9)  Spells: 10/10 levels left

rFire    + . .     SeeInvis .   G - +1 battleaxe (venom)
rCold    . . .     Gourm    .   (shield currently unavailable)
rNeg     . . .     Faith    .   I - +1 plate armour "Geolypt" {rC- Str+5} (curse)
rPois    .         Spirit   .   (helmet restricted)
rElec    .         Reflect  .   (no cloak)
rCorr    .         Harm     .   (no gloves)
MR       .....                  P - +0 pair of boots
Stlth    ..........             (no amulet)
HPRegen  0.26/turn              r - ring of protection from cold
MPRegen  0.12/turn              x - ring of protection from fire

@: lethally poisoned (-2 -> -134), slowed, very slow
A: retaliatory headbutt, horns 2
a: Berserk, Trog's Hand, Brothers in Arms, Renounce Religion


You were on level 11 of the Dungeon.
You worshipped Trog.
Trog was extremely pleased with you.
You were not hungry.

You visited 1 branch of the dungeon, and saw 11 of its levels.

You collected 687 gold pieces.

Inventory:

Hand Weapons
 a - a +0 hand axe
 z - a +0 dire flail of distortion
 E - a +0 battleaxe of chopping
 G - a +1 battleaxe of venom (weapon)
 N - a cursed +1 flail
Armour
 b - a +0 animal skin
 l - a +0 leather armour
 o - a +0 large shield
 v - a +0 chain mail
 C - a +0 plate armour
 I - the cursed +1 plate armour "Geolypt" (worn) {rC- Str+5}
   (You found it on level 8 of the Dungeon)

   It affects your strength (+5).
   It makes you vulnerable to cold.
   It has a curse placed upon it.
 P - a +0 pair of boots (worn)
Jewellery
 r - a ring of protection from cold (left hand)
 x - a ring of protection from fire (right hand)
Wands
 y - a wand of acid (15)
 F - a wand of clouds (2)
 J - a wand of iceblast (6)
 L - a wand of digging (30)
 M - a wand of flame (31)
Scrolls
 d - 5 scrolls of teleportation {unknown}
 h - 4 scrolls of noise {unknown}
 i - 9 scrolls of identify {unknown}
 j - 3 scrolls of fog {unknown}
 k - 4 scrolls of enchant armour {unknown}
 m - 2 scrolls of fear {unknown}
 n - 5 scrolls of remove curse {unknown}
 u - 3 scrolls of enchant weapon {unknown}
 B - a scroll of magic mapping {unknown}
 D - a scroll of immolation {unknown}
 H - a scroll of holy word {unknown}
 K - a scroll of random uselessness {unknown}
Potions
 e - 4 potions of heal wounds {unknown}
 f - 2 potions of haste {unknown}
 g - 4 potions of degeneration
 p - 2 potions of might {unknown}
 q - a potion of magic {unknown}
 s - a potion of mutation {unknown}
 t - 5 potions of curing {unknown}
 w - 3 potions of lignification {unknown}
 A - a potion of ambrosia {unknown}
 O - a potion of brilliance {unknown}
Comestibles
 c - 16 rations
 Q - a chunk of flesh


   Skills:
 + Level 9.5 Fighting
 * Level 16.1 Axes
 + Level 6.2 Armour
 + Level 6.1 Dodging


You had 10 spell levels left.
You didn't know any spells.
Your spell library was empty.

Dungeon Overview and Level Annotations

Branches:
Dungeon (11/15)            Temple (0/1) D:4            Lair (0/6) D:8
    Orc (0/2) D:9

Altars:
Ashenzari
Elyvilon
Ru
Sif Muna
Vehumet
Zin

Shops:
D:7 [

Annotations:
D:11 Sonja


Innate Abilities, Weirdness & Mutations

You reflexively headbutt those who attack you in melee.
You have a pair of horns on your head.


Message History

The curare-tipped needle hits the crimson imp.
The crimson imp closely misses you.
The crimson imp blinks!
* * * LOW HITPOINT WARNING * * *
You feel extremely sick.
Sonja shoots a curare-tipped needle.
The curare-tipped needle hits you.
You are more poisoned.
You have difficulty breathing.
* * * LOW HITPOINT WARNING * * *
You feel as though you will be slow longer.
The crimson imp blinks!
Sonja shoots a curare-tipped needle.
The curare-tipped needle hits you.
You are more poisoned.
You have difficulty breathing.
* * * LOW HITPOINT WARNING * * *
You feel as though you will be slow longer.
You see here 2 curare-tipped needles.
It was a potion of degeneration.
There was something very wrong with that liquid.
You feel weakened.
You feel dopey.
You feel clumsy.
You die...

#..# #..# #..# .
#..# .. #..# ...
#<.# .... #..#
..... #..#
......####@.#####
........K...ยง.....
##################


You could see Sonja.

Vanquished Creatures
  Harold (D:7)
  2 two-headed ogres
  Pikel (D:9)
  A komodo dragon (D:8)
  A troll (D:9)
  A hippogriff (D:4)
  A vampire (D:10)
  A wyvern (D:8)
  2 hungry ghosts
  Grum (D:9)
  Edmund (D:6)
  Duvessa (D:7)
  A slave (D:9)
  2 ice beasts
  4 sky beasts
  2 orc warriors
  4 wolves (D:9)
  3 ogres
  5 centaurs
  A big kobold (D:9)
  6 bullfrogs
  A wyvern zombie (D:7)
  Dowan (D:7)
  2 scorpions
  8 wights
  8 killer bees
  A howler monkey (D:4)
  4 crimson imps
  A quasit (D:9)
  3 orc priests
  7 hounds
  4 jellies
  16 orc wizards
  2 bullfrog skeletons
  2 gnoll shamans
  A centaur skeleton (D:5)
  2 iguanas
  10 worker ants
  Terence (D:3)
  A hound skeleton (D:8)
  Robin (D:3)
  17 gnolls
  9 adders
  3 shadow imps
  4 oozes
  2 adder skeletons
  2 worms
  8 leopard geckos
  31 orcs
  2 ball pythons
  2 giant cockroaches
  20 goblins
  7 hobgoblins
  11 jackals
  7 quokkas
  7 bats
  6 frilled lizards
  16 kobolds
  8 rats
  4 plants (D:8)
284 creatures vanquished.

Vanquished Creatures (others)
  2 slaves (D:9)
  A jelly (D:9)
  A hound zombie (D:9)
  An adder (D:9)
5 creatures vanquished.

Grand Total: 289 creatures vanquished

Notes
Turn   | Place    | Note
-------+----------+-------------------------------------------
     0 | D:1      | Lauz the Minotaur Berserker began the quest for the Orb.
     0 | D:1      | Reached XP level 1. HP: 19/19 MP: 0/0
    91 | D:1      | Reached skill level 4 in Axes
    91 | D:1      | Reached XP level 2. HP: 27/27 MP: 1/1
   650 | D:2      | Reached XP level 3. HP: 25/33 MP: 2/2
   796 | D:2      | Reached skill level 5 in Axes
   821 | D:2      | Reached ** piety under Trog
  1089 | D:2      | Reached XP level 4. HP: 40/40 MP: 3/3
  1755 | D:3      | Noticed Robin
  1770 | D:3      | Killed Robin
  1814 | D:3      | Reached skill level 6 in Axes
  1891 | D:3      | Reached XP level 5. HP: 36/47 MP: 4/4
  2073 | D:3      | Reached *** piety under Trog
  2100 | D:3      | Noticed Terence
  2107 | D:3      | Killed Terence
  2110 | D:3      | Reached skill level 7 in Axes
  2173 | D:3      | Reached XP level 6. HP: 30/53 MP: 5/5
  2408 | D:3      | Found a faded altar of an unknown god.
  2699 | D:4      | Reached skill level 5 in Fighting
  2704 | D:4      | Reached skill level 8 in Axes
  2706 | D:4      | Reached **** piety under Trog
  2966 | D:4      | Found a shattered altar of Ashenzari.
  2982 | D:4      | Reached XP level 7. HP: 44/61 MP: 6/6
  3134 | D:4      | Noticed a hippogriff
  3141 | D:4      | Killed a hippogriff
  3187 | D:4      | Reached skill level 9 in Axes
  3511 | D:4      | Found a staircase to the Ecumenical Temple.
  3899 | D:4      | Found a radiant altar of Vehumet.
  3902 | D:4      | Found a sacrificial altar of Ru.
  3989 | D:4      | Found a glowing silver altar of Zin.
  4403 | D:5      | Entered Level 5 of the Dungeon
  4426 | D:5      | Reached XP level 8. HP: 62/70 MP: 7/7
  4469 | D:5      | Reached skill level 10 in Axes
  4666 | D:5      | Reached ***** piety under Trog
  5141 | D:6      | Noticed Edmund
  5165 | D:6      | Killed Edmund
  5397 | D:6      | Reached skill level 11 in Axes
  5870 | D:6      | Found a deep blue altar of Sif Muna.
  6419 | D:7      | Reached XP level 9. HP: 78/78 MP: 8/8
  6994 | D:7      | Noticed Dowan
  7005 | D:7      | Killed Dowan
  7005 | D:7      | Reached skill level 12 in Axes
  7011 | D:7      | Noticed Duvessa
  7013 | D:7      | Reached skill level 5 in Dodging
  7020 | D:7      | Killed Duvessa
  7029 | D:7      | Found Lemido's Armour Emporium.
  7289 | D:7      | Noticed Harold
  7296 | D:7      | Reached skill level 13 in Axes
  7306 | D:7      | Killed Harold
  7306 | D:7      | Received a gift from Trog
  7306 | D:7      | Reached XP level 10. HP: 23/88 MP: 9/9
  7674 | D:7      | Found a white marble altar of Elyvilon.
  7878 | D:8      | Reached skill level 5 in Armour
  8179 | D:8      | Reached skill level 14 in Axes
  8213 | D:8      | Noticed a two-headed ogre
  8229 | D:8      | Killed a two-headed ogre
  8397 | D:8      | Got an ancient plate armour
  8408 | D:8      | Identified the cursed +1 plate armour "Geolypt" {rC- Str+5}
                  | (You found it on level 8 of the Dungeon)
  8420 | D:8      | Found a staircase to the Lair.
  8939 | D:9      | Reached skill level 15 in Axes
  8940 | D:9      | Noticed a two-headed ogre
  8951 | D:9      | Noticed Pikel
  8951 | D:9      | Killed a two-headed ogre
  8970 | D:9      | Killed Pikel
  9270 | D:9      | Found a staircase to the Orcish Mines.
  9324 | D:9      | Reached XP level 11. HP: 85/97 MP: 10/10
  9435 | D:9      | Noticed Grum
  9448 | D:9      | Killed Grum
  9449 | D:9      | Reached skill level 16 in Axes
  9547 | D:10     | Entered Level 10 of the Dungeon
  9774 | D:10     | Found a shattered altar of Ashenzari.
 10337 | D:11     | Noticed Sonja
 10350 | D:11     | Succumbed to Sonja's curare-tipped needle

Skill      XL: |  1  2  3  4  5  6  7  8  9 10 11 |
---------------+----------------------------------+-----
Axes           | 4 5 6 7 8 9 11 13 15 16 | 16.1
Fighting       | 4 5 6 8 9 |  9.5
Armour         | 3 4 6 |  6.2
Dodging        | 3 4 5 6 |  6.1

Action                   |  1- 3 |  4- 6 |  7- 9 | 10-12 || total
-------------------------+-------+-------+-------+-------++-------
Melee: Hand axe          |    55 |   151 |   236 |       ||   442
       Headbutt          |     5 |    22 |    54 |    28 ||   109
       Battleaxe         |       |       |    68 |   169 ||   237
Invok: Berserk           |       |     4 |     5 |     1 ||    10
Evoke: Wand              |       |       |       |     2 ||     2
  Use: Potion            |       |       |       |     1 ||     1
  Eat: Chunk             |     1 |     8 |    18 |     9 ||    36
       Ration            |       |       |     1 |     1 ||     2
Armor: Animal skin       |    15 |       |       |       ||    15
       Leather armour    |       |    23 |    25 |     6 ||    54
       Plate armour      |       |       |       |    66 ||    66
Dodge: Dodged            |    36 |    86 |   172 |   101 ||   395
